 Dungeon Crawl Stone Soup version 0.20-a0-548-g4f8a798 (webtiles) character file.

49 volk64 the Grave Robber (level 3, -1/24 HPs)
             Began as a Mummy Necromancer on Feb 1, 2017.
             Slain by an adder (3 damage)
             ... on level 2 of the Dungeon.
             The game lasted 00:09:37 (2063 turns).

volk64 the Grave Robber (Mummy Necromancer)         Turns: 2063, Time: 00:09:38

Health: -1/24      AC:  2    Str: 11    XL:     3   Next: 51%
Magic:  6/8        EV: 12    Int: 15    God:
Gold:   57         SH:  0    Dex: 15    Spells: 7/9 levels left

rFire    x . .     SeeInvis .   c - +0 hand axe
rCold    + . .     Gourm    .   a - +0 robe
rNeg     + + +     Faith    +   (no shield)
rPois    ∞         Spirit   .   (no helmet)
rElec    .         Reflect  .   (no cloak)
rCorr    .         Harm     .   (no gloves)
MR       .....                  (no boots)
Stlth    ++........             d - amulet of faith
Regen    0.1/turn               (no ring)
                                f - +3 ring of dexterity

@: no status effects
A: no food or potions, fire vulnerability, cold resistance 1, negative energy
resistance 3, torment resistance, unbreathing
a: no special abilities


You were on level 2 of the Dungeon.
You were not hungry.

You visited 1 branch of the dungeon, and saw 2 of its levels.

You collected 57 gold pieces.

Inventory:

Hand Weapons
 c - a +0 hand axe (weapon)
 h - a cursed +0 dagger
Armour
 a - a +0 robe (worn)
Jewellery
 d - an amulet of faith (around neck)
 f - a +3 ring of dexterity (left hand)
Scrolls
 e - a scroll of identify
Books
 b - a book of Necromancy

   Spells                             Type                      Level
   a - Pain                           Necromancy                   1
   b - Animate Skeleton               Necromancy                   1
   c - Vampiric Draining              Necromancy                   3
   d - Regeneration                   Charms/Necromancy            3
   e - Animate Dead                   Necromancy                   4
   f - Control Undead                 Necromancy                   4


   Skills:
 + Level 0.2 Fighting
 + Level 0.2 Axes
 + Level 1.7 Dodging
 + Level 1.7 Stealth
 + Level 0.1 Unarmed Combat
 + Level 3.9 Spellcasting
 + Level 4.4 Necromancy


You had 7 spell levels left.
You knew the following spells:

 Your Spells              Type           Power        Failure   Level  Hunger
a - Pain                  Necr           ###.         3%          1    N/A
b - Animate Skeleton      Necr           N/A          3%          1    N/A

Dungeon Overview and Level Annotations

Branches:
Dungeon (2/15)

Altars:


Innate Abilities, Weirdness & Mutations

You do not eat or drink.
Your flesh is vulnerable to fire.
You are immune to poison.
Your flesh is cold resistant. (rC+)
You are immune to negative energy. (rN+++)
You are immune to unholy pain and torment.
You can survive without breathing.


Message History

* * * LOW HITPOINT WARNING * * *
Your quokka skeleton misses the adder.
Casting: Animate Skeleton
Confirm with . or Enter, or press ? or * to list all spells.
Aiming: Pain
Press: ? - help, Shift-Dir - straight line, f - adder
Aim: an adder (moderately wounded, chance to defeat MR: 81%)
The adder writhes in agony!
The adder bites you.
* * * LOW HITPOINT WARNING * * *
Your quokka skeleton barely misses the adder.
The adder closely misses you.
Casting: Pain
Confirm with . or Enter, or press ? or * to list all spells.
Aiming: Pain
Press: ? - help, Shift-Dir - straight line, f/p - adder
Aim: an adder (heavily wounded, chance to defeat MR: 81%)
The adder writhes in agony!
Your quokka skeleton completely misses the adder.
The adder bites you.
You die...

##.##...... #.##.#####
##* #.##.# #
###*#.####### #.##.#####
*...,#......# #.##.#....
*,#>###.>.#.###.##.#.###
*,*#.#.#....##..)#.#.###
#.###.##.#.##......%....
#....ZS@.#.###...###.##.
#####.####.Z.ZZ......##.
*#$# ######.#######. *..#
#.# #. #.## *#+#* #. #.*
**,,,** #. ****#.*****
**,,,,,** #.
*,,,..,,,,***,,,,,,,** #.
*,***,,,*,**,,,,,,,,,###.


You could see an adder and a friendly quokka skeleton.

Vanquished Creatures
  An ooze (D:2)
  7 bats
  4 goblins (D:1)
  6 hobgoblins
  4 jackals
  5 kobolds
  A quokka (D:2)
  A ball python (D:2)
  2 rats
31 creatures vanquished.

Vanquished Creatures (collateral kills)
  2 dart slugs (D:1)
  3 goblins (D:1)
  A jackal (D:1)
  A kobold (D:1)
  A frilled lizard (D:1)
  3 rats (D:1)
11 creatures vanquished.

Grand Total: 42 creatures vanquished

Notes
Turn   | Place    | Note
-------+----------+-------------------------------------------
     0 | D:1      | volk64 the Mummy Necromancer began the quest for the Orb.
     0 | D:1      | Reached XP level 1. HP: 13/13 MP: 4/4
    52 | D:1      | Learned a level 1 spell: Animate Skeleton
   317 | D:1      | Reached XP level 2. HP: 19/19 MP: 6/6
   897 | D:1      | Reached XP level 3. HP: 24/24 MP: 5/7
  2063 | D:2      | Slain by an adder

Vault maps used:
D:1:      matt_arrival_los_fun, minivault_24
D:2:      first_bread, grunt_decor_cap, minmay_misc_feat_diagonals, nrook_uturn

Skill      XL: |  1 |
---------------+----+-----
Spellcasting   | 3 |  3.9
Fighting       | |  0.2
Axes           | |  0.2
Dodging        | |  1.7
Stealth        | |  1.7
Unarmed Combat | |  0.1
Necromancy     | |  4.4

Action                   || total
-------------------------++-------
Melee: Unarmed           ||     3
       Hand axe          ||    48
 Cast: Pain              ||    39
       Animate Skeleton  ||    17
  Use: Scroll            ||     3
 Stab: Sleeping          ||     3
       Distracted        ||     2
Armor: Robe              ||    13
Dodge: Dodged            ||    45
